Map: Automaton LE

Players

MindelVK - Winner!

  • Race: Protoss Protoss
  • League: Master
  • Spawn Location: 3:00

shuhard

  • Race: Terran Terran
  • League: Master
  • Spawn Location: 9:00

VOD

Have the link to the VOD?

Description

Time

  • Played on: Feb. 2, 2019, 9:01 a.m.
  • Length: 9:03
Show
View Real Time Build Order
Export as new Build Order

MindelVK Protoss - Winner!

Build Orders: 1 Gate Expand, Blink Stalkers, Colossus Rush 

Get SALT Encoding   

  12  0:01  Probe  
  13  0:13  Probe  
  14  0:18  Pylon  
  14  0:24  Probe  
  15  0:32  Probe  
  15  0:38  Gateway  
  15  0:40  Probe  
  16  0:46  Assimilator  
  17  0:51  Probe  
  18  1:03  Probe  
  19  1:15  Probe  
  20  1:27  Cybernetics Core  
  20  1:34  Nexus  
  20  1:43  Pylon  
  20  1:44  Probe  
  21  1:49  Assimilator  
  21  1:53  Stalker  
  21  1:55  Probe  
  22  2:03  Probe  
  25  2:11  Probe  
  25  2:14  Warp Gate  
  25  2:23  Probe  
  25  2:25  Stalker  
  28  2:35  Probe  
  29  2:46  Probe  
  29  2:47  Robotics Facility, Probe  
  31  2:54  Probe  
  32  2:59  Probe  
  32  3:00  Stalker  
  32  3:03  Probe  
  35  3:11  Probe x2  
  37  3:16  Pylon  
  38  3:22  Probe  
  38  3:23  Twilight Council, Probe  
  40  3:32  Observer  
  40  3:35  Blink, Probe  
  40  3:39  Shield Battery  
  42  3:45  Gateway x2  
  42  3:46  Observer  
  42  3:47  Probe  
  43  3:53  Probe  
  45  3:59  Probe  
  45  4:00  Pylon  
  46  4:05  Probe  
  46  4:08  Assimilator  
  47  4:11  Stalker, Probe  
  47  4:15  Pylon  
  50  4:18  Probe  
  50  4:23  Probe  
  52  4:26  Assimilator  
  52  4:30  Probe  
  53  4:33  Robotics Bay  
  53  4:35  Probe  
  54  4:42  Probe  
  55  4:47  Stalker x2  
  55  4:51  Probe  
  60  4:54  Probe  
  61  5:05  Nexus  
  61  5:10  Stalker x2  
  61  5:11  Stalker  
  67  5:20  Probe x2  
  69  5:30  Pylon  
  69  5:31  Pylon  
  67  5:37  Colossus  
  73  5:50  Probe x2  
  73  5:52  Forge  
  73  5:54  Forge  
  75  5:57  Stalker x3  
  75  6:02  Probe  
  82  6:04  Charge  
  82  6:07  Probe  
  83  6:14  Probe  
  83  6:16  Probe x2, Extended Thermal Lance  
  84  6:19  Pylon  
  84  6:22  Pylon  
  84  6:24  Probe  
  86  6:26  Probe  
  86  6:28  Protoss Ground Weapons Level 1  
  86  6:29  Protoss Ground Armor Level 1  
  88  6:33  Probe  
  88  6:37  Assimilator  
  89  6:40  Probe  
  89  6:41  Assimilator  
  96  6:48  Observer  
  77  7:03  Stalker x3  
  77  7:05  Colossus  
  77  7:08  Photon Cannon  
  89  7:16  Probe x3  
  87  7:27  Observer  
  87  7:28  Probe x3  
  87  7:29  Stalker x2  
  89  7:30  Stalker  
  91  7:40  Probe x2  
  91  7:41  Probe  
  94  7:58  Probe  
  94  7:59  Probe x2  
  94  8:01  Stalker x2  
  94  8:02  Stalker  
  94  8:03  Colossus  
  106  8:14  Probe x3  
  106  8:25  Stalker x3  
  110  8:36  Probe x3  
  113  8:44  Gateway x2  
  113  8:45  Gateway  
  113  8:46  Pylon  
  113  8:47  Gateway  
  106  8:55  Zealot  
  106  8:56  Zealot x2  
Show
View Real Time Build Order
Export as new Build Order

shuhard Terran 

Build Orders: Cyclone Opening 

Get SALT Encoding   

  12  0:00  SCV  
  13  0:13  SCV  
  14  0:18  Supply Depot  
  14  0:25  SCV  
  15  0:39  SCV  
  16  0:45  Barracks  
  16  0:51  Refinery  
  16  0:52  SCV  
  17  0:58  Refinery  
  17  1:04  SCV  
  18  1:16  SCV  
  19  1:32  Reaper, Orbital Command  
  20  1:49  Factory  
  20  1:58  SCV  
  21  2:11  SCV  
  21  2:14  Supply Depot  
  22  2:23  SCV  
  23  2:33  Factory Tech Lab  
  23  2:36  SCV  
  24  2:38  Command Center  
  24  2:41  Barracks Reactor  
  23  2:48  SCV  
  24  2:51  Cyclone  
  24  2:55  Armory  
  27  3:00  SCV  
  28  3:05  Supply Depot  
  28  3:12  SCV  
  29  3:17  Marine x2  
  31  3:27  Widow Mine, SCV  
  31  3:31  Starport  
  34  3:35  Marine  
  34  3:36  Marine  
  34  3:39  SCV  
  37  3:42  Drilling Claws  
  37  3:50  Orbital Command  
  37  3:51  SCV  
  38  3:56  Widow Mine  
  38  3:59  Marine  
  38  4:00  Marine  
  42  4:03  SCV  
  42  4:09  Medivac  
  45  4:15  SCV  
  46  4:17  Marine x2  
  46  4:19  Widow Mine  
  46  4:23  SCV  
  51  4:27  SCV  
  52  4:32  Supply Depot  
  52  4:35  Marine x2  
  54  4:39  Supply Depot  
  54  4:53  Command Center  
  54  4:54  SCV x2  
  54  4:56  Supply Depot  
  54  4:57  Medivac  
  58  5:06  Refinery, SCV  
  59  5:07  Stimpack  
  59  5:08  Refinery  
  59  5:11  Widow Mine  
  62  5:14  SCV  
  62  5:16  Widow Mine, Marine  
  62  5:17  Liberator  
  65  5:27  SCV  
  66  5:30  SCV  
  66  5:32  Widow Mine  
  66  5:35  Marine  
  73  5:38  Widow Mine  
  73  5:40  Barracks  
  75  5:44  SCV  
  75  5:45  SCV  
  75  5:55  Marine  
  75  5:56  Widow Mine  
  78  6:00  Engineering Bay x2  
  78  6:02  Supply Depot  
  78  6:04  Barracks  
  78  6:05  SCV x2  
  78  6:08  Orbital Command  
  80  6:15  Supply Depot  
  80  6:16  Marine  
  80  6:17  SCV x2  
  83  6:29  SCV  
  83  6:30  Barracks Tech Lab  
  83  6:31  Orbital Command, Terran Infantry Armor Level 1, Terran Infantry Weapons Level 1  
  84  6:33  Supply Depot, Factory Tech Lab  
  84  6:37  SCV  
  85  6:53  SCV  
  84  6:59  SCV  
  81  7:03  Barracks Tech Lab, Combat Shield  
  81  7:05  Marauder, Marine, Siege Tank, SCV  
  81  7:06  SCV  
  89  7:11  SCV  
  89  7:14  Supply Depot  
  88  7:17  SCV  
  88  7:18  Barracks  
  88  7:19  Supply Depot, SCV  
  63  7:22  Medivac  
  90  7:23  Medivac, Marine x2  
  90  7:24  SCV  
  90  7:27  Marauder  
  90  7:29  SCV  
  100  7:31  SCV  
  100  7:36  SCV  
  100  7:40  Marine  
  100  7:41  SCV, Command Center, Marine  
  99  7:48  Marine  
  88  7:58  Marine  
  88  7:59  Marauder  
  87  8:06  Marauder  
  86  8:16  Marine, SCV  
  86  8:18  Marine  
  86  8:20  Marauder  
  86  8:22  SCV x2  
  88  8:27  Marine  
  88  8:31  SCV  
  88  8:32  Command Center  
  88  8:34  Marine, SCV  
  89  8:35  SCV  
  89  8:36  Marine  
  93  8:42  Marauder  
Tags
 
Add a new tag
Caveats
  • Supply blocks, unpowered buildings, or Contaminate may cause inaccurate times.
  • Supply counts are checked every 10 seconds.